 Dungeon Crawl Stone Soup version 0.17.1-2-g5865329 (webtiles) character file.

42 Chiseanne the Skirmisher (level 3, -3/31 HPs)
             Began as a Centaur Air Elementalist on Jan 19, 2016.
             Slain by an adder (4 damage)
             ... on level 1 of the Dungeon.
             The game lasted 00:02:28 (1935 turns).

Chiseanne the Skirmisher (Centaur Air Elementalist) Turns: 1935, Time: 00:02:28

Health: -3/31      AC:  4    Str: 10    XL:     3   Next: 33%
Magic:  0/5        EV:  9    Int: 15    God:
Gold:   86         SH:  0    Dex:  9    Spells: 1 memorised, 4 levels left

rFire  . . .     SeeInvis .     f - +0 short sword
rCold  . . .     Clarity  .     a - +0 robe
rNeg   . . .     SustAt   .     (no shield)
rPois  .         Gourm    .     (no helmet)
rElec  .         Spirit   .     (no cloak)
rCorr  .         Warding  .     (no gloves)
rMut   .         Stasis   .     (no barding)
MR     .....                    (no amulet)
Stlth  +.........               (no ring)
                                (no ring)

@: lethally poisoned (-3 -> -8), very slightly contaminated, very quick, not
resistant to hostile enchantments, very unstealthy
A: hooves 3, deformed body, speed 2, tough skin 3
a: no special abilities


You were on level 1 of the Dungeon.
You were not hungry.

You visited 1 branch of the dungeon, and saw 2 of its levels.

You collected 86 gold pieces.

Inventory:

Hand Weapons
 f - a +0 short sword (weapon)
Missiles
 e - 18 bolts
 g - 18 sling bullets
 m - 4 steel tomahawks (quivered)
Armour
 a - a +0 robe (worn)
Jewellery
 d - an uncursed amulet of resist corrosion {unknown}
 k - a +3 ring of intelligence {unknown}
Potions
 i - a potion of ambrosia {unknown}
 l - a potion of curing {unknown}
Books
 b - a book of Air

   Spells                             Type                      Level
   a - Shock                          Conjuration/Air              1
   b - Swiftness                      Charms/Air                   2
   c - Repel Missiles                 Charms/Air                   2
   d - Static Discharge               Conjuration/Air              3
   e - Lightning Bolt                 Conjuration/Air              5
Comestibles
 c - a bread ration
 h - a meat ration
 j - a beef jerky


   Skills:
 + Level 3.0 Fighting
 - Level 1.3 Dodging
 - Level 1.2 Stealth
 - Level 1.5 Spellcasting
 - Level 0.8 Conjurations
 - Level 2.6 Air Magic


You had 4 spell levels left.
You knew the following spells:

 Your Spells              Type           Power        Failure   Level  Hunger
a - Shock                 Conj/Air       #...         12%         1    ##.....


Dungeon Overview and Level Annotations

Branches:
Dungeon (2/15)

Altars:
Qazlal
Yredelemnul


Innate Abilities, Weirdness & Mutations

You have hooves in place of feet.
Armour fits poorly on your strangely shaped body.
You cover ground very quickly.
You have extremely tough skin (AC +3).


Message History

Casting: Shock
Confirm with . or Enter, or press ? or * to list all spells.
You don't have enough magic to cast that spell.
Casting: Shock
Confirm with . or Enter, or press ? or * to list all spells.
You don't have enough magic to cast that spell.
Unknown command.
You barely miss the adder.
The adder is heavily wounded.
* * * LOW HITPOINT WARNING * * *
You feel sick. The adder closely misses you.
You closely miss the adder.
The adder is heavily wounded.
* * * LOW HITPOINT WARNING * * *
You feel sick. The adder closely misses you. The adder barely misses you.
You closely miss the adder. You kick the adder, but do no damage.
The adder is heavily wounded.
* * * LOW HITPOINT WARNING * * *
You feel sick. The adder bites you.
You die...

.####.##................##.#.....
....#....[..#####.########.#.....
.##.#.....### #.# #.......
###.#.###.# ##.## #..#.##.
#.....#.# #...# #.......
###.#.#.# #...# #..#.##. #.....##
#..)# ###..#.##. # #......# #...#
#......... #
#.#.##.#####@..#####.#.......
#####.#.##.....S.........##.#..##
............................#..##
####...###........[......####..##
# #...###.#####..>#####.##....# #
##......# #..># #.......#
##.##### #...# ####.#### #.#
#...# ####.### ######.## #...#
#......#


You could see an adder.

Vanquished Creatures
  A gnoll (D:2)
  A worm (D:2)
  4 goblins (D:1)
  3 hobgoblins (D:1)
  5 jackals (D:1)
  4 kobolds
  3 bats
  2 giant cockroaches (D:1)
  A giant newt (D:2)
  4 rats (D:1)
28 creatures vanquished.

Notes
Turn   | Place    | Note
--------------------------------------------------------------
     0 | D:1      | Chiseanne the Centaur Air Elementalist began the quest for the Orb.
     0 | D:1      | Reached XP level 1. HP: 14/14 MP: 3/3
   180 | D:1      | Reached skill level 1 in Fighting
   456 | D:1      | Reached XP level 2. HP: 14/23 MP: 4/4
  1311 | D:2      | Found a stormy altar of Qazlal.
  1335 | D:2      | Reached XP level 3. HP: 27/30 MP: 0/5
  1611 | D:2      | Reached skill level 3 in Fighting
  1640 | D:2      | HP: 1/31 [gnoll/halberd (4)]
  1646 | D:2      | Found a basalt altar of Yredelemnul.
  1935 | D:1      | HP: 1/31 [poisoned by an adder]
  1935 | D:1      | Slain by an adder

Action                   || total
-------------------------++-------
Melee: Short sword       ||   132
       Unarmed           ||     5
Throw: Tomahawk          ||     4
 Cast: Shock             ||    24
  Use: Scroll            ||     2
  Eat: Chunk             ||     3
